 Dungeon Crawl Stone Soup version 0.29-a0-653-gd47aff6735 (webtiles) character file.

Game seed: 13678357015368599615

13686 vineage the Fighter (level 11, -1/92 HPs)
             Began as a Demonspawn Gladiator on June 21, 2022.
             Was a Believer of Okawaru.
             Slain by a seven-headed hydra (4 damage)
             ... on level 11 of the Dungeon.
             The game lasted 00:11:59 (12024 turns).

vineage the Fighter (Demonspawn Gladiator)         Turns: 12024, Time: 00:11:59

Health: -1/92      AC: 19    Str: 17    XL:     11   Next: 78%
Magic:  12/13      EV: 16    Int: 10    God:    Okawaru [**....]
Gold:   715        SH:  0    Dex: 16    Spells: 10/10 levels left

rFire   + . .      SeeInvis +   D - +9 lance "Wyrmbane" {slay drac, rPois rF+ rC+ AC+3}
rCold   + . .      Faith    .   (no shield)
rNeg    . . .      Spirit   .   O - +0 scale mail of True Grit {Rampage SInv}
rPois   +          Reflect  .   c - +0 helmet
rElec   .          Harm     .   (cloak unavailable)
rCorr   .          Rampage  +   E - +0 pair of gloves
Will    .....                   (no boots)
Stlth   ++........              (no amulet)
HPRegen 0.25/turn               m - +4 ring of slaying
MPRegen 0.26/turn               C - +4 ring of protection

@: about to teleport, heroic
A: spiny 2, magic regeneration, weakness stinger 3
a: Renounce Religion, Heroism


You were on level 11 of the Dungeon.
You worshipped Okawaru.
Okawaru was pleased with you.
You visited 2 branches of the dungeon, and saw 12 of its levels.
You also visited: Sewer.

You collected 715 gold pieces.

Inventory:

Hand Weapons
 a - a +0 flail
 l - a +2 mace of protection
 D - the +9 lance "Wyrmbane" (weapon) {slay drac, rPois rF+ rC+ AC+3}
   (You took it off Maggie on level 7 of the Dungeon)

   It inflicts extra damage against dragons and draconians.
   AC:        It affects your AC (+3).
   rF:        It protects you from fire.
   rC:        It protects you from cold.
   rPois:     It protects you from poison.
 G - a +5 mace
Missiles
 d - 5 throwing nets (quivered)
 e - a javelin
Armour
 b - a +0 leather armour
 c - a +0 helmet (worn)
 s - a +0 cloak
 x - a +0 chain mail
 E - a +0 pair of gloves (worn)
 J - a +2 cloak of preservation
 L - a +0 troll leather armour
 O - the +0 scale mail of True Grit (worn) {Rampage SInv}
   (You found it on level 9 of the Dungeon)

   SInv:      It lets you see invisible.
   Rampage:   It bestows one free step when moving towards enemies.
Jewellery
 m - a +4 ring of slaying (left hand)
 r - a ring of resist corrosion
 u - a ring of fire
 B - a +4 ring of evasion
 C - a +4 ring of protection (right hand)
Wands
 t - a wand of polymorph (9)
 v - a wand of paralysis (11)
 y - a wand of acid (2)
 I - a wand of flame (5)
Scrolls
 g - 3 scrolls of enchant weapon
 i - 2 scrolls of poison
 j - 4 scrolls of teleportation
 w - 3 scrolls of fear
 A - a scroll of silence
 M - 3 scrolls of amnesia
 N - 2 scrolls of identify
 P - a scroll of fog
Potions
 f - a potion of ambrosia
 h - a potion of attraction
 k - 5 potions of curing
 n - a potion of heal wounds
 o - a potion of haste
 p - 4 potions of flight
 q - a potion of cancellation
 z - 2 potions of brilliance
 F - a potion of invisibility
 H - a potion of lignification
 K - a potion of resistance


   Skills:
 + Level 10.9(15.9) Fighting
 - Level 9.3(15.0) Maces & Flails
 * Level 5.5(13.2) Staves
 - Level 1.7(6.7) Throwing
 + Level 7.7(12.7) Armour
 + Level 8.3(13.3) Dodging
 + Level 3.3 Invocations


You had 10 spell levels left.
You didn't know any spells.
Your spell library contained the following spells:

 Spells                   Type           Power      Damage    Failure   Level
 Foxfire                  Conj/Fire      0%         2x1d4     67%         1
 Sting                    Tmut/Pois      0%         1d3       67%         1
 Poisonous Vapours        Pois/Air       0%         N/A       82%         2
 Static Discharge         Conj/Air       0%         N/A       82%         2
 Gell's Gravitas          Tloc           0%         N/A       96%         3
 Lesser Beckoning         Tloc           0%         N/A       96%         3
 Portal Projectile        Hex/Tloc       0%         N/A       96%         3
 Teleport Other           Tloc           0%         N/A       96%         3
 Corpse Rot               Necr/Pois/Air  0%         N/A       100%        4
 Dispel Undead            Necr           0%         3d6       100%        4
 Fulminant Prism          Conj/Hex       0%         3d6       100%        4
 Iskenderun's Mystic Bla  Conj/Tloc      0%         2d3       100%        4
 Olgreb's Toxic Radiance  Pois           0%         N/A       100%        4
 Passage of Golubria      Tloc           0%         N/A       100%        4
 Sticky Flame             Conj/Fire      0%         2d3       100%        4
 Blade Hands              Tmut           0%         N/A       100%        5
 Lee's Rapid Deconstruct  Erth           0%         3d5*      100%        5
 Silence                  Hex/Air        0%         N/A       100%        5
 Enfeeble                 Hex            0%         N/A       100%        7
 Lehudib's Crystal Spear  Conj/Erth      0%         10d2      100%        8
 Tukima's Dance           Hex            Unusable   N/A       N/A         3
 Death Channel            Necr           Unusable   N/A       N/A         6

Dungeon Overview and Level Annotations

Branches:
Dungeon (10/15)            Temple (1/1) D:6            Lair (0/6) D:8
    Orc (0/2) D:10          Sewer (visited)

Altars:
Ashenzari
Cheibriados
Dithmenos
Elyvilon
Fedhas
Gozag
Hepliaklqana
Kikubaaqudgha
Makhleb
Nemelex Xobeh
Okawaru
Qazlal
Ru
Sif Muna
Trog
Uskayaw
Vehumet
Wu Jian
Xom
Yredelemnul
Zin
The Shining One

Shops:
D:6 *


Innate Abilities, Weirdness & Mutations

You are mostly covered in sharp spines.
You regenerate magic rapidly.
You have a sharp stinger which inflicts weakening toxins.


Message History

You are too injured to fight recklessly!
You are too injured to fight recklessly!
You gain the combat prowess of a mighty hero.
You puncture the two-headed ogre!
The two-headed ogre is severely wounded.
The two-headed ogre closely misses you. The two-headed ogre misses you.
You hit the two-headed ogre.
Your tail-slap misses the two-headed ogre.
The two-headed ogre is severely wounded.
You completely miss the two-headed ogre.
You tail-slap the two-headed ogre!
You kill the two-headed ogre!
Okawaru is honoured by your kill.
You hit the wraith but do no damage. You puncture the seven-headed hydra!
The seven-headed hydra is lightly wounded.
You barely miss the seven-headed hydra. You punch the seven-headed hydra!
The seven-headed hydra is moderately wounded.
The seven-headed hydra is struck by your spines.
The seven-headed hydra bites you.
The seven-headed hydra bites you but does no damage.
The seven-headed hydra bites you!
* * * LOW HITPOINT WARNING * * *
The seven-headed hydra bites you but does no damage.
The seven-headed hydra barely misses you.
The seven-headed hydra bites you but does no damage.
The seven-headed hydra bites you.
* * * LOW HITPOINT WARNING * * *
As you read the scroll of teleportation, it crumbles to dust.
You feel strangely unstable.
The seven-headed hydra is struck by your spines.
The seven-headed hydra bites you!
* * * LOW HITPOINT WARNING * * *
The seven-headed hydra closely misses you.
The seven-headed hydra bites you.
* * * LOW HITPOINT WARNING * * *
The seven-headed hydra bites you.
* * * LOW HITPOINT WARNING * * *
The seven-headed hydra bites you.
You die...

#..## .9# # #...##
#.W#. #....## ..#.
##....# #..# ##...#
...# ##..# #9.# #..#
##Y.# #..# ##DWD#
..####..###@###.#
.........)....##.#
...........>...##..
..####.####.....######
. ........#...).....
###.####.##........ #.
#.########## #. #.# ..
#.#


You could see a seven-headed hydra, a yak, a wraith, an acid dragon and a
gargoyle.

Vanquished Creatures
  A hydra (D:9)
  Erica (D:8)
  3 two-headed ogres
  An ugly thing (D:11)
  A gargoyle (D:11)
  Maggie (D:7)
  2 trolls
  A hornet (D:9)
  A wraith (D:11)
  A vampire (D:10)
  10 yaks (D:9)
  2 steam dragons
  3 acid dragons
  2 sky beasts
  3 water moccasins
  2 ice beasts
  7 orc warriors
  4 ogres
  2 black bears
  4 wolves (D:8)
  2 centaurs
  7 kobold brigands
  A bullfrog (D:9)
  A gnoll sergeant (D:8)
  A necrophage (D:5)
  2 scorpions (D:4)
  13 wights
  2 electric eels (D:8)
  2 howler monkeys
  6 hounds
  7 orc priests
  2 jellies
  Crazy Yiuf (D:7)
  A gnoll shaman (D:7)
  2 iguanas
  8 orc wizards
  A mummy (D:8)
  7 gnolls
  9 adders
  A shadow imp (D:7)
  An ufetubus (D:2)
  2 worms
  A dart slug (D:2)
  42 orcs
  7 bats
  5 endoplasms
  6 giant cockroaches
  7 goblins
  5 hobgoblins
  4 jackals (D:5)
  37 kobolds
  6 quokkas
  10 ball pythons
  A frilled lizard (D:2)
  2 hobgoblin zombies (D:8)
  A kobold zombie (D:8)
  An orc zombie (D:8)
  10 rats
276 creatures vanquished.

Notes
Turn   | Place    | Note
-------+----------+-------------------------------------------
     0 | D:1      | vineage the Demonspawn Gladiator began the quest for the
                  | Orb.
     0 | D:1      | Reached XP level 1. HP: 16/16 MP: 1/1
   348 | D:1      | Gained mutation: You have a small tail. [demonic ancestry]
   348 | D:1      | Reached XP level 2. HP: 4/23 MP: 2/2
   644 | D:1      | Found a faded altar of an unknown god.
  1207 | D:2      | Found a burning altar of Makhleb.
  1291 | D:2      | Reached skill level 3 in Fighting
  1291 | D:2      | Gained mutation: You are partially covered in sharp spines.
                  | [demonic ancestry]
  1291 | D:2      | Reached XP level 3. HP: 12/29 MP: 3/3
  1525 | D:2      | Reached XP level 4. HP: 35/35 MP: 4/4
  2544 | D:3      | Found a glowing drain.
  2560 | Sewer    | Entered a sewer
  2630 | Sewer    | Gained mutation: You have a tail ending in a sharp stinger.
                  | [demonic ancestry]
  2630 | Sewer    | Reached XP level 5. HP: 36/42 MP: 5/5
  2633 | Sewer    | Reached skill level 4 in Fighting
  2760 | Sewer    | Reached XP level 6. HP: 43/49 MP: 6/6
  3076 | D:4      | Reached skill level 5 in Fighting
  3076 | D:4      | Reached skill level 5 in Maces & Flails
  3347 | D:4      | Reached XP level 7. HP: 56/56 MP: 7/7
  3594 | D:5      | Entered Level 5 of the Dungeon
  3648 | D:6      | Reached skill level 6 in Fighting
  3945 | D:5      | HP: 2/58 [ogre/+0 giant club (13)]
  4388 | D:5      | Gained mutation: You are mostly covered in sharp spines.
                  | [demonic ancestry]
  4388 | D:5      | Reached XP level 8. HP: 65/65 MP: 8/8
  4423 | D:5      | Reached skill level 1 in Armour
  4438 | D:5      | Noticed a two-headed ogre
  4446 | D:5      | Killed a two-headed ogre
  4447 | D:5      | Reached skill level 7 in Fighting
  5050 | D:5      | Reached skill level 9 in Fighting
  5050 | D:5      | Reached skill level 5 in Armour
  5050 | D:5      | Reached XP level 9. HP: 77/77 MP: 9/9
  5137 | D:6      | Gained mutation: You regenerate magic rapidly. [demonic
                  | ancestry]
  5137 | D:6      | Reached XP level 10. HP: 67/83 MP: 10/10
  5436 | D:6      | Found a staircase to the Ecumenical Temple.
  5469 | Temple   | Entered the Ecumenical Temple
  6283 | D:6      | Found Jomaob's General Store.
  7166 | D:7      | Found a sacrificial altar of Ru.
  7168 | D:7      | Found a stormy altar of Qazlal.
  7173 | D:7      | Identified the +3 scale mail "Jeneetann" {Dex+4}
  7184 | D:7      | Noticed Maggie
  7193 | D:7      | Killed Maggie
  7194 | D:7      | Reached skill level 10 in Fighting
  7298 | D:7      | Found a runed translucent door.
  7299 | D:7      | Noticed Crazy Yiuf
  7763 | D:7      | Killed Crazy Yiuf
  8128 | D:8      | Reached skill level 1 in Staves
  8320 | D:8      | Found a staircase to the Lair.
  8879 | D:8      | Noticed Erica
  8887 | D:8      | Killed Erica
  8888 | D:8      | Gained mutation: You have a sharp stinger which inflicts
                  | weakening toxins. [demonic ancestry]
  8888 | D:8      | Reached XP level 11. HP: 65/91 MP: 11/11
  9219 | D:8      | Found a shadowy altar of Dithmenos.
  9269 | D:8      | Found a broken altar of Ashenzari.
  9505 | D:8      | Found an iron altar of Okawaru.
  9588 | D:8      | Became a worshipper of Warmaster Okawaru
  9732 | D:9      | Identified the +0 scale mail of True Grit {Rampage SInv}
  9737 | D:10     | Entered Level 10 of the Dungeon
 10290 | D:9      | Noticed a two-headed ogre
 10298 | D:9      | Killed a two-headed ogre
 10298 | D:9      | Reached * piety under Okawaru
 10370 | D:9      | Found a radiant altar of Vehumet.
 10761 | D:9      | Noticed a four-headed hydra
 10777 | D:9      | Killed a four-headed hydra
 10778 | D:9      | Reached skill level 1 in Invocations
 10784 | D:9      | Reached ** piety under Okawaru
 11454 | D:10     | Found a staircase to the Orcish Mines.
 11479 | D:10     | Reached skill level 5 in Staves
 11676 | D:10     | Got the Catalogue of Enchanting Confrontation
 11678 | D:10     | Found a basalt altar of Yredelemnul.
 11877 | D:10     | Found a snail-covered altar of Cheibriados.
 11887 | D:10     | You fall into a shaft and drop 1 floor!
 11902 | D:11     | Noticed a boulder beetle
 11992 | D:11     | Noticed a brown ugly thing
 12003 | D:11     | Killed a brown ugly thing
 12005 | D:11     | Noticed a two-headed ogre
 12011 | D:11     | Noticed a seven-headed hydra
 12020 | D:11     | Killed a two-headed ogre
 12024 | D:11     | HP: 3/92 [seven-headed hydra (4)]
 12024 | D:11     | Slain by a seven-headed hydra

Illustrated notes

Levels and vault maps discovered:
D:1:      dpeg_arrival_round_c, layout_loops_ring,
          ebering_ecumenical_altar_ruins
D:2:      layout_basic, basic_altar
D:3:      layout_rooms, portal_sewer_entry_f
D:4:      layout_cave_pools, minmay_checkerbox
D:5:      layout_loops_ring
D:6:      layout_basic, temple_doors_ab, serial_shops, kennysheep_mini
D:7:      minmay_evil_eye, layout_basic, nicolae_overflow_hidden_temple,
          corexii_corridor_pit, uniq_crazy_yiuf_cottage, uniq_maggie
D:8:      layout_basic, old_standard_altar, ashenzari_conservatory_becter,
          okawaru_gym_becter, erik_lair_island, minmay_mini_ossuary, uniq_erica
D:9:      layout_cave_pods, mainiacjoe_overflow_alcove_2,
          nicolae_overflow_crystal_walls
D:10:     layout_big_octagon, yredelemnul_altar_generic, slow_altar_2,
          orc_david_3, nicolae_shop_sticking_my_neck_out
D:11:     minmay_the_grid_octo_tiled_squarecenter_mashed
          [minmay_the_grid_octo_focus, minmay_the_grid_octo_teeth,
          minmay_the_grid_octo_horde, minmay_the_grid_octo_concentric,
          minmay_the_grid_square_5x5_megaprize_hollow,
          minmay_the_grid_square_5x5_percent,
          minmay_the_grid_square_5x5_eight_small, minmay_the_grid_square_5x5_z,
          minmay_the_grid_square_5x5_checkered], layout_basic, enter_trove_0,
          uniq_lodul
Temple:   oiseaux_autumnal_temple

Skill      XL: |  1  2  3  4  5  6  7  8  9 10 11 |
---------------+----------------------------------+-----
Maces & Flails | 3 4 5 6 8 9 |  9.3
Fighting       | 3 4 5 6 9 10 | 10.9
Armour         | 5 6 7 |  7.7
Dodging        | 6 7 8 |  8.3
Staves         | 2 5 |  5.5
Invocations    | 3 |  3.3
Throwing       | |  1.7

Action                   |  1- 3 |  4- 6 |  7- 9 | 10-12 || total
-------------------------+-------+-------+-------+-------++-------
Melee: Flail             |    71 |       |       |       ||    71
       Tailslap          |     7 |    11 |    17 |    47 ||    82
       Mace              |       |    90 |   100 |   104 ||   294
       Punch             |       |       |     2 |    11 ||    13
       Lance             |       |       |       |   264 ||   264
Invok: Heroism           |       |       |       |     5 ||     5
  Use: Scroll            |       |    14 |     2 |     7 ||    23
       Potion            |       |       |     4 |     2 ||     6
 Stab: Sleeping          |     1 |       |       |       ||     1
Armor: Leather armour    |    25 |    29 |       |       ||    54
       Chain mail        |       |     3 |    45 |    87 ||   135
       Scale mail        |       |       |       |    37 ||    37
Dodge: Dodged            |    45 |    44 |    28 |   171 ||   288

Table legend: (Time is in decaauts)
 A = Elapsed time spent in this place.
 B = Non-inter-level travel time spent in this place.
 C = Inter-level travel time spent in this place.
 D = Time resting spent in this place.
 E = Time spent auto-exploring this place.
 F = Levels seen in this place.
 G = Mean time per level.
                   A        B        C        D        E       F      G
               +--------+--------+--------+--------+--------+-----+--------+
         Total |  12161 |  11799 |    362 |   1524 |   8639 |  13 |  935.5 |
       Dungeon |  11336 |  11072 |    264 |   1524 |   8040 |  11 | 1030.5 |
        Temple |    378 |    280 |     98 |      0 |    267 |   1 |  378.0 |
         Sewer |    446 |    446 |      0 |      0 |    330 |   1 |  446.0 |
               +--------+--------+--------+--------+--------+-----+--------+

Top non-repeatable levels by time:
     D:7: 1714 daAuts
     D:9: 1401 daAuts
     D:6: 1381 daAuts
     D:8: 1380 daAuts
     D:1: 1206 daAuts
     D:5: 1191 daAuts
     D:2: 1018 daAuts
    D:10: 880 daAuts
     D:4: 529 daAuts
     D:3: 501 daAuts
   Sewer: 446 daAuts
  Temple: 378 daAuts
    D:11: 129 daAuts
